[ AOE2 MATCH · #495338410 ]
UnrankedBurmese vs Mongols
Player's team · LOSS
Rival team · WIN
[ REPLAY ANALYSIS · EXTRACTED FROM THE RECORDED GAME ]
Feudal
9:30
Castle
18:30
Imperial
—
| APM avg | 35.4 |
| APM peak | 75 |
| eAPM avg | 19.5 |
| Villagers / military | 68 / 43 |
Focus
⚔️ 44.3% · 🌾 55.7%
Skirmisher ×29 · Arambai ×10 · Militia ×3 · Spearman ×1
Feudal
8:22
Castle
16:41
Imperial
—
| APM avg | 48.3 |
| APM peak | 126 |
| eAPM avg | 20.7 |
| Villagers / military | 80 / 28 |
Focus
⚔️ 38.2% · 🌾 61.8%
Mangudai ×25 · Skirmisher ×3
Match map
Initial resources + every placement click. Lines = walls · curves = elevation contours. ◆ gold · ⬟ stone · ● berries · ✦ relic · ◌ wall gap
Your base· Open — opponent sealed themselves in
maxymczech's base· ✓ Closed at 16:41 · 103t walls · no gate
Smoothed initial terrain · ◌ = detected wall gap · hover for details
Inputs per minute
— CORP_Leugim - - maxymczech
Build order — CORP_Leugim
First 150 of 202 actions detected
| 0:03 | Build | Town Center |
| 1:05 | Create | Villager (Male) ×4 |
| 1:05 | Create | Villager (Male) ×4 |
| 1:42 | Build | Lumber Camp |
| 1:58 | Create | Villager (Male) |
| 2:36 | Create | Villager (Male) |
| 3:02 | Create | Villager (Male) |
| 3:27 | Create | Villager (Male) |
| 3:56 | Build | Mill |
| 4:01 | Create | Villager (Male) |
| 4:01 | Create | Villager (Male) |
| 4:20 | Create | Villager (Male) |
| 4:50 | Create | Villager (Male) |
| 5:25 | Create | Villager (Male) |
| 5:25 | Create | Villager (Male) |
| 5:26 | Create | Villager (Male) |
| 5:55 | Research | Loom |
| 5:59 | Build | Barracks |
| 6:36 | Build | House |
| 7:12 | Research | Feudal Age |
| 7:30 | Create | Militia |
| 7:30 | Create | Militia |
| 7:40 | Create | Militia |
| 7:58 | Build | House |
| 8:02 | Build | House |
| 8:46 | Create | Villager (Male) |
| 9:08 | Create | Villager (Male) |
| 9:30 | Age | Feudal Age |
| 9:31 | Build | Archery Range |
| 9:36 | Build | Stable |
| 9:36 | Research | Man-at-Arms (upgrade) |
| 9:45 | Create | Spearman |
| 9:53 | Create | Villager (Male) |
| 10:27 | Build | Farm |
| 10:27 | Build | Farm |
| 10:27 | Build | Farm |
| 10:27 | Build | Farm |
| 10:28 | Build | Farm |
| 10:37 | Create | Villager (Male) |
| 10:45 | Create | Villager (Male) |
| 10:48 | Build | Farm |
| 11:03 | Create | Villager (Male) |
| 11:22 | Build | Mill |
| 11:23 | Create | Villager (Male) |
| 11:26 | Build | Farm |
| 11:26 | Build | Farm |
| 11:32 | Create | Villager (Male) |
| 11:34 | Create | Villager (Male) |
| 11:53 | Create | Villager (Male) |
| 11:58 | Build | Farm |
| 11:59 | Build | Farm |
| 12:19 | Build | House |
| 12:28 | Create | Villager (Male) |
| 12:29 | Create | Villager (Male) |
| 12:48 | Build | Blacksmith |
| 12:50 | Build | House |
| 12:51 | Build | Palisade Wall |
| 13:03 | Build | Farm |
| 13:16 | Create | Villager (Male) |
| 13:32 | Build | Mill |
| 13:37 | Build | Farm |
| 13:39 | Build | Farm |
| 13:41 | Build | Farm |
| 13:45 | Create | Villager (Male) |
| 13:47 | Create | Villager (Male) |
| 14:21 | Build | House |
| 14:28 | Build | House |
| 14:35 | Create | Villager (Male) |
| 14:46 | Build | Mill |
| 14:54 | Build | House |
| 14:56 | Build | House |
| 14:57 | Build | Mining Camp |
| 15:07 | Create | Villager (Male) |
| 15:50 | Research | Castle Age |
| 15:53 | Create | Villager (Male) |
| 16:16 | Create | Villager (Male) |
| 16:20 | Research | Stone Mining |
| 16:20 | Research | Stone Mining |
| 16:20 | Research | Stone Mining |
| 16:23 | Build | House |
| 16:24 | Build | House |
| 16:31 | Build | House |
| 17:49 | Build | Outpost |
| 17:51 | Build | Outpost |
| 17:58 | Build | House |
| 18:12 | Create | Villager (Male) |
| 18:30 | Age | Castle Age |
| 18:33 | Research | Horse Collar |
| 18:47 | Build | Castle |
| 19:02 | Create | Villager (Male) |
| 19:02 | Create | Villager (Male) |
| 19:06 | Build | House |
| 19:26 | Build | Monastery |
| 19:28 | Build | Siege Workshop |
| 19:29 | Create | Villager (Male) |
| 19:33 | Create | Villager (Male) |
| 19:33 | Create | Villager (Male) |
| 19:39 | Build | Lumber Camp |
| 19:40 | Create | Villager (Male) |
| 19:49 | Research | Fletching |
| 19:55 | Create | Villager (Male) |
| 20:11 | Create | Villager (Male) |
| 20:20 | Create | Arambai |
| 20:20 | Create | Arambai |
| 20:36 | Build | Archery Range |
| 20:37 | Build | Archery Range |
| 20:46 | Create | Arambai |
| 20:46 | Create | Arambai |
| 20:50 | Create | Villager (Male) |
| 20:53 | Research | Gold Mining |
| 21:04 | Build | Mining Camp |
| 21:14 | Create | Skirmisher |
| 21:14 | Create | Skirmisher |
| 21:14 | Create | Skirmisher |
| 21:21 | Create | Villager (Male) |
| 21:22 | Research | Wheelbarrow |
| 21:22 | Research | Wheelbarrow |
| 21:33 | Build | Farm |
| 21:36 | Create | Skirmisher |
| 21:36 | Create | Skirmisher |
| 21:36 | Create | Skirmisher |
| 21:43 | Research | Bodkin Arrow |
| 21:53 | Build | Mining Camp |
| 21:55 | Create | Skirmisher |
| 21:55 | Create | Skirmisher |
| 22:01 | Build | House |
| 22:05 | Build | Farm |
| 22:06 | Create | Villager (Male) |
| 22:20 | Create | Skirmisher |
| 22:21 | Create | Skirmisher |
| 22:46 | Build | House |
| 22:54 | Create | Arambai |
| 23:00 | Build | Palisade Wall |
| 23:05 | Create | Skirmisher |
| 23:06 | Create | Villager (Male) |
| 23:09 | Create | Villager (Male) |
| 23:16 | Create | Skirmisher |
| 23:38 | Create | Arambai |
| 23:38 | Create | Arambai |
| 23:39 | Create | Villager (Male) |
| 23:39 | Create | Villager (Male) |
| 23:53 | Create | Villager (Male) |
| 23:56 | Create | Villager (Male) |
| 24:11 | Create | Arambai |
| 24:11 | Create | Arambai |
| 24:15 | Build | Farm |
| 24:16 | Build | Farm |
| 24:16 | Build | Farm |
| 24:16 | Build | Farm |
| 24:16 | Create | Villager (Male) |
Build order — maxymczech
First 150 of 207 actions detected
| 0:06 | Build | Town Center |
| 1:08 | Create | Villager (Male) ×4 |
| 1:08 | Create | Villager (Male) ×4 |
| 1:59 | Create | Villager (Male) |
| 2:07 | Build | Lumber Camp |
| 2:41 | Create | Villager (Male) ×3 |
| 3:07 | Create | Villager (Male) |
| 3:35 | Create | Villager (Male) |
| 4:05 | Build | Mill |
| 4:11 | Create | Villager (Male) |
| 4:40 | Create | Villager (Male) |
| 4:55 | Build | Palisade Wall |
| 4:56 | Build | Palisade Wall |
| 4:57 | Build | Palisade Wall |
| 6:03 | Build | Palisade Wall |
| 6:10 | Build | Palisade Wall |
| 6:12 | Research | Feudal Age |
| 6:12 | Research | Feudal Age |
| 6:28 | Build | Barracks |
| 7:19 | Build | Palisade Wall |
| 7:23 | Build | Palisade Wall |
| 7:31 | Build | Palisade Wall |
| 7:34 | Build | House |
| 7:36 | Create | Villager (Male) |
| 7:37 | Research | Loom |
| 7:43 | Build | Palisade Wall |
| 8:03 | Build | Palisade Wall |
| 8:06 | Build | Palisade Wall |
| 8:18 | Build | Palisade Wall |
| 8:22 | Age | Feudal Age |
| 8:28 | Research | Double-Bit Axe |
| 8:28 | Research | Double-Bit Axe |
| 8:54 | Build | Stone Wall |
| 8:57 | Build | Stone Wall |
| 8:58 | Build | Stone Wall |
| 9:05 | Create | Villager (Male) |
| 9:38 | Create | Villager (Male) |
| 9:38 | Create | Villager (Male) |
| 9:44 | Build | Stone Wall |
| 9:50 | Build | Stone Wall |
| 9:54 | Build | Mining Camp |
| 10:06 | Create | Villager (Male) |
| 10:08 | Build | Stone Wall |
| 10:10 | Build | Stone Wall |
| 10:11 | Build | Stone Wall |
| 10:14 | Build | Stone Wall |
| 10:15 | Build | Stone Wall |
| 10:31 | Build | Mining Camp |
| 10:57 | Build | Stone Wall |
| 10:59 | Create | Villager (Male) |
| 10:59 | Create | Villager (Male) |
| 11:03 | Build | Stone Wall |
| 11:13 | Build | Stone Wall |
| 11:24 | Build | Market |
| 11:36 | Build | Stone Wall |
| 11:40 | Create | Villager (Male) |
| 11:47 | Build | Stone Wall |
| 11:50 | Build | Stone Wall |
| 11:56 | Research | Town Watch |
| 11:59 | Build | Stone Wall |
| 12:00 | Build | Stone Wall |
| 12:07 | Create | Villager (Male) |
| 12:10 | Build | House |
| 12:13 | Build | House |
| 12:28 | Build | Stone Wall |
| 12:31 | Build | Stone Wall |
| 12:33 | Build | Stone Wall |
| 12:35 | Build | Stone Wall |
| 12:41 | Create | Villager (Male) |
| 12:44 | Build | House |
| 12:45 | Build | House |
| 12:59 | Build | Blacksmith |
| 13:06 | Build | Stone Wall |
| 13:12 | Build | Stone Wall |
| 13:13 | Build | Stone Wall |
| 13:23 | Build | Stone Wall |
| 13:24 | Build | Stone Wall |
| 13:24 | Build | Stone Wall |
| 13:25 | Build | Stone Wall |
| 13:49 | Build | Stone Wall |
| 13:50 | Build | Stone Wall |
| 13:57 | Build | Stone Wall |
| 14:01 | Research | Castle Age |
| 14:01 | Research | Castle Age |
| 14:05 | Build | Stone Wall |
| 14:07 | Build | Stone Wall |
| 14:24 | Build | Stone Wall |
| 14:43 | Build | Archery Range |
| 14:50 | Research | Fletching |
| 14:50 | Research | Fletching |
| 15:10 | Build | Farm |
| 15:12 | Build | Farm |
| 15:15 | Build | Farm |
| 15:26 | Research | Horse Collar |
| 15:26 | Research | Horse Collar |
| 15:41 | Build | House |
| 15:51 | Create | Villager (Male) |
| 16:41 | Age | Castle Age |
| 16:50 | Create | Villager (Male) |
| 17:00 | Build | Lumber Camp |
| 17:07 | Create | Villager (Male) ×3 |
| 17:34 | Build | Farm |
| 17:45 | Build | Farm |
| 17:53 | Create | Villager (Male) |
| 18:13 | Build | Farm |
| 18:36 | Build | Castle |
| 18:56 | Research | Bodkin Arrow |
| 18:57 | Research | Bodkin Arrow |
| 19:03 | Build | House |
| 19:04 | Build | House |
| 19:05 | Build | House |
| 19:06 | Build | House |
| 19:11 | Research | Padded Archer Armor |
| 19:18 | Create | Villager (Male) |
| 19:19 | Create | Villager (Male) |
| 19:26 | Build | Farm |
| 19:45 | Create | Villager (Male) |
| 19:59 | Create | Mangudai |
| 20:12 | Create | Villager (Male) |
| 20:13 | Create | Mangudai |
| 20:13 | Create | Mangudai |
| 20:16 | Create | Villager (Male) |
| 20:24 | Build | Lumber Camp |
| 20:32 | Create | Villager (Male) |
| 20:42 | Create | Mangudai |
| 20:42 | Create | Mangudai |
| 20:52 | Create | Villager (Male) |
| 20:52 | Create | Villager (Male) |
| 20:53 | Create | Villager (Male) |
| 21:05 | Create | Mangudai |
| 21:06 | Create | Mangudai |
| 21:12 | Build | Farm |
| 21:31 | Create | Mangudai |
| 21:32 | Create | Villager (Male) |
| 21:32 | Create | Villager (Male) |
| 21:49 | Create | Villager (Male) |
| 21:50 | Create | Villager (Male) |
| 21:51 | Create | Mangudai |
| 21:52 | Create | Mangudai |
| 22:40 | Create | Villager (Male) ×3 |
| 22:42 | Create | Mangudai ×2 |
| 23:07 | Create | Villager (Male) |
| 23:08 | Build | University |
| 23:14 | Build | Town Center |
| 23:54 | Create | Mangudai |
| 23:54 | Create | Mangudai |
| 23:59 | Build | Farm |
| 24:01 | Create | Villager (Male) |
| 24:01 | Create | Villager (Male) |
| 24:01 | Create | Villager (Male) |
Match timeline
| 4:55 | maxymczech · wall_segment Palisade Wall x1 |
| 4:56 | maxymczech · wall_segment Palisade Wall x2 |
| 4:57 | maxymczech · wall_segment Palisade Wall x1 |
| 5:59 | CORP_Leugim · first_building Barracks |
| 6:03 | maxymczech · wall_segment Palisade Wall x7 |
| 6:10 | maxymczech · wall_segment Palisade Wall x6 |
| 6:28 | maxymczech · first_building Barracks |
| 7:19 | maxymczech · wall_segment Palisade Wall x4 |
| 7:23 | maxymczech · wall_segment Palisade Wall x4 |
| 7:31 | maxymczech · wall_segment Palisade Wall x5 |
| 7:43 | maxymczech · wall_segment Palisade Wall x9 |
| 8:03 | maxymczech · wall_segment Palisade Wall x11 |
| 8:06 | maxymczech · wall_segment Palisade Wall x4 |
| 8:18 | maxymczech · wall_segment Palisade Wall x1 |
| 8:22 | maxymczech · age_up feudal |
| 8:54 | maxymczech · wall_segment Stone Wall x5 |
| 8:57 | maxymczech · wall_segment Stone Wall x2 |
| 8:58 | maxymczech · wall_segment Stone Wall x5 |
| 9:30 | CORP_Leugim · age_up feudal |
| 9:31 | CORP_Leugim · first_building Archery Range |
| 9:36 | CORP_Leugim · first_building Stable |
| 9:44 | maxymczech · wall_segment Stone Wall x1 |
| 9:50 | maxymczech · wall_segment Stone Wall x1 |
| 10:08 | maxymczech · wall_segment Stone Wall x1 |
| 10:10 | maxymczech · wall_segment Stone Wall x2 |
| 10:11 | maxymczech · wall_segment Stone Wall x6 |
| 10:14 | maxymczech · wall_segment Stone Wall x2 |
| 10:15 | maxymczech · wall_segment Stone Wall x1 |
| 10:57 | maxymczech · wall_segment Stone Wall x1 |
| 11:03 | maxymczech · wall_segment Stone Wall x1 |
| 11:13 | maxymczech · wall_segment Stone Wall x1 |
| 11:36 | maxymczech · wall_segment Stone Wall x1 |
| 11:47 | maxymczech · wall_segment Stone Wall x1 |
| 11:50 | maxymczech · wall_segment Stone Wall x1 |
| 11:59 | maxymczech · wall_segment Stone Wall x1 |
| 12:00 | maxymczech · wall_segment Stone Wall x1 |
| 12:28 | maxymczech · wall_segment Stone Wall x1 |
| 12:31 | maxymczech · wall_segment Stone Wall x2 |
| 12:33 | maxymczech · wall_segment Stone Wall x1 |
| 12:35 | maxymczech · wall_segment Stone Wall x1 |
| 12:51 | CORP_Leugim · wall_segment Palisade Wall x1 |
| 13:06 | maxymczech · wall_segment Stone Wall x5 |
| 13:12 | maxymczech · wall_segment Stone Wall x2 |
| 13:13 | maxymczech · wall_segment Stone Wall x3 |
| 13:23 | maxymczech · wall_segment Stone Wall x1 |
| 13:24 | maxymczech · wall_segment Stone Wall x1 |
| 13:24 | maxymczech · wall_segment Stone Wall x1 |
| 13:25 | maxymczech · wall_segment Stone Wall x1 |
| 13:49 | maxymczech · wall_segment Stone Wall x2 |
| 13:50 | maxymczech · wall_segment Stone Wall x3 |
| 13:57 | maxymczech · wall_segment Stone Wall x1 |
| 14:05 | maxymczech · wall_segment Stone Wall x1 |
| 14:07 | maxymczech · wall_segment Stone Wall x1 |
| 14:24 | maxymczech · wall_segment Stone Wall x1 |
| 14:43 | maxymczech · first_building Archery Range |
| 16:41 | maxymczech · age_up castle |
| 18:18 | maxymczech · first_market_buy 100 stone |
| 18:30 | CORP_Leugim · age_up castle |
| 18:36 | maxymczech · first_building Castle |
| 18:47 | CORP_Leugim · first_building Castle |
| 18:50 | maxymczech · first_market_sell 100 wood |
| 19:26 | CORP_Leugim · first_building Monastery |
| 19:28 | CORP_Leugim · first_building Siege Workshop |
| 23:00 | CORP_Leugim · wall_segment Palisade Wall x1 |
| 24:38 | maxymczech · first_building Stable |
| 25:14 | CORP_Leugim · wall_segment Stone Wall x4 |
| 25:16 | CORP_Leugim · wall_segment Palisade Wall x7 |
| 25:21 | CORP_Leugim · wall_segment Stone Wall x4 |
| 27:20 | CORP_Leugim · wall_segment Stone Wall x13 |
| 27:21 | CORP_Leugim · wall_segment Palisade Wall x1 |
| 29:34 | CORP_Leugim · resign |
[ AI ANALYSIS · 1 CREDIT ]
What really happened in this match?
Wolo.gg analyzes every decision: build order, eco, micro, common mistakes by bracket. Personalized analysis on WhatsApp or Discord in 30 seconds.
Civ guide
Burmese
Perfil
CORP_Leugim